 Dungeon Crawl Stone Soup version 0.31-a0-167-g1c394c0614 (webtiles) character file.

Game seed: 140055917778379115

124 qw the Chopper (level 5, 0/32 HPs)
             Began as a Gargoyle Fighter on June 14, 2023.
             Slain by Robin
             ... wielding a +0 falchion
              (1 damage)
             ... on level 2 of the Dungeon.
             The game lasted 00:00:39 (1425 turns).

qw the Chopper (Gargoyle Fighter)                   Turns: 1425, Time: 00:00:40

Health: 0/32       AC: 10    Str: 21    XL:     5   Next: 8%
Magic:  5/5        EV:  9    Int: 12    God:
Gold:   101        SH:  4    Dex:  8    Spells: 4/4 levels left

rFire   x . .        Y - +0 war axe
rCold   . . .        c - +0 buckler
rNeg    + . .        b - +0 scale mail
rPois   inf          (no helmet)
rElec   +            (no cloak)
rCorr   .            (no gloves)
SInv    .            (no boots)
Will    .....        (no amulet) Stlth
                     (no ring)
HPRegen 0.25/turn    (no ring)
MPRegen 0.09/turn

%: clarity
@: flying
A: sickness immunity, AC +4, negative energy resistance 1, electricity
resistance, torment resistance 1, petrification resistance, big wings, clarity,
clever 1, heat vulnerability 1
a: no special abilities


You were on level 2 of the Dungeon.
You visited 1 branch of the dungeon, and saw 2 of its levels.

You collected 101 gold pieces.


Innate Abilities, Weirdness & Mutations

You are immune to sickness and miasma.
Your stone body is resilient. (AC +4)
You are immune to poison.
You resist negative energy. (rN+)
You are resistant to electric shocks. (rElec)
You are resistant to unholy torment.
You are immune to petrification.
Your large and strong wings let you fly.
You possess an exceptional clarity of mind.
Your mind is acute. (Int +4, Str/Dex -1)
You are vulnerable to heat. (rF-)


   Skills:
 - Level 3.2 Fighting
 + Level 4.6 Axes
 - Level 3.2 Armour
 - Level 3.2 Shields


You had 4 spell levels left.
You didn't know any spells.
Your spell library was empty.

Inventory:

Hand Weapons
 e - a +0 mace
 Y - a +0 war axe (weapon)
Armour
 b - a +0 scale mail (worn)
 c - a +0 buckler (worn)
 j - a +0 cloak
 k - a +0 pair of boots
Scrolls
 a - 2 scrolls of teleportation
 g - a scroll of blinking {unknown}
Potions
 d - a potion of might
 f - a potion of degeneration {unknown}
 h - 2 potions of invisibility {unknown}
 i - a potion of curing {unknown}
 l - a potion of attraction {unknown}

Dungeon Overview and Level Annotations

Branches:
Dungeon (2/15)

Altars:

Annotations:
D:2 Robin, Sigmund


Message History

You slash the goblin!
You kill the goblin!
You hit the goblin.
Robin roars a battlecry!
The goblin goes into a battle-frenzy!
The goblin hits you with a +0 dagger. Something hits you but does no damage.
You hit the goblin but do no damage.
The goblin is heavily wounded.
The goblin hits you but does no damage.
You barely miss the goblin.
The goblin is heavily wounded.
You closely miss Robin.
Robin says, "My army is invincible!"
Robin throws the goblin at you! Something hits you.
The goblin hits you with a +0 dagger.
A goblin comes into view. It is wielding a +0 club.
Robin barely misses you. You block the goblin's attack.
You barely miss the goblin.
The goblin is heavily wounded.
You hit Robin. Something hits you but does no damage.
The goblin barely misses you.
Robin roars a battlecry!
The goblin goes into a battle-frenzy!
You hit the goblin.
You kill the goblin!
You hit the hobgoblin. You hit Robin. Robin hits you but does no damage.
You block the hobgoblin's attack.
You hear some strange, mumbled words.
Something tries to affect you, but you resist.
You hit Robin.
Robin is heavily wounded.
You hit the hobgoblin but do no damage.
A goblin comes into view. It is wielding a +0 club.
Robin roars a battlecry!
The goblin goes into a battle-frenzy!
The hobgoblin barely misses you.
A magic dart appears from out of thin air!
The magic dart hits you! The hobgoblin completely misses you.
Robin hits you with a +0 falchion.
You die...

#..........
#.########.
#.#........
#.......#
#####.###.##@
#............
#.###..{#.###
#[###)).#
#.##.@gg#
#.##)#g.#
#.##.#..#
#.......#
####.#g##
#.... #.###
#.#


You could see Robin, a hobgoblin (strong) and 2 goblins.

Vanquished Creatures
  Natasha (twice) (D:2)
  4 adders (D:2)
  A dart slug (D:1)
  2 endoplasms (D:2)
  7 goblins
  6 hobgoblins
  4 kobolds
  A ball python (D:1)
  4 bats
  7 frilled lizards
  2 rats
40 creatures vanquished.

Vanquished Creatures (others)
  A quokka (D:1)
1 creature vanquished.

Grand Total: 41 creatures vanquished

Notes
Turn   | Place    | Note
-------+----------+-------------------------------------------
     0 | D:1      | qw the Gargoyle Fighter began the quest for the Orb.
     0 | D:1      | Reached XP level 1. HP: 14/14 MP: 1/1
     0 | D:1      | 0 ||| qw: Version: 0.2-a-29-g1fa15c8
     0 | D:1      | 0 ||| qw: Game counter: 5125
     0 | D:1      | 0 ||| qw: Always use a shield: true
     0 | D:1      | 0 ||| qw: God list: Okawaru
     0 | D:1      | 0 ||| qw: Allow faded altars: false
     0 | D:1      | 0 ||| qw: Do Orc after D:15 true
     0 | D:1      | 0 ||| qw: Do second Lair branch before Depths: true
     0 | D:1      | 0 ||| qw: Lair rune preference: random
     0 | D:1      | 0 ||| qw: Plans: Normal, Zot:1-4, Slime:5, God:TSO, Crypt,
                  | Tomb, Abyss, Pan, Hells, Win
     0 | D:1      | 0 ||| PLANNING D:1-11
    49 | D:1      | Reached skill level 2 in Axes
    49 | D:1      | 49 ||| FLEEEEING.
    50 | D:1      | 50 ||| FLEEEEING.
    51 | D:1      | 51 ||| Stepping ~*~*~tactically~*~*~ (hiding).
    52 | D:1      | 52 ||| Stepping ~*~*~tactically~*~*~ (stealth).
    64 | D:1      | Reached XP level 2. HP: 8/19 MP: 2/2
   846 | D:1      | 846 ||| READING 2 scrolls labelled DUPUSU XIRA.
   850 | D:1      | 850 ||| READING scroll labelled CYOKLO MYNERPHI.
   851 | D:1      | 851 ||| DRINKING 2 fizzy blue potions.
   851 | D:1      | Gained mutation: You are robust. (+10% HP) [potion of
                  | mutation]
   851 | D:1      | Gained mutation: You sometimes lose your temper in combat.
                  | [potion of mutation]
   851 | D:1      | Gained mutation: Your muscles are strong. (Str +4, Int/Dex
                  | -1) [potion of mutation]
   855 | D:1      | 855 ||| DRINKING potion of mutation.
   855 | D:1      | Lost mutation: You sometimes lose your temper in combat.
                  | [potion of mutation]
   855 | D:1      | Lost mutation: Your muscles are strong. (Str +4, Int/Dex
                  | -1) [potion of mutation]
   855 | D:1      | Lost mutation: You are robust. (+10% HP) [potion of
                  | mutation]
   855 | D:1      | Gained mutation: You have hidden genetic potential. [potion
                  | of mutation]
   855 | D:1      | Gained mutation: You are vulnerable to heat. (rF-) [potion
                  | of mutation]
   855 | D:1      | Gained mutation: Your large and strong wings let you fly.
                  | [potion of mutation]
   883 | D:2      | 883 ||| DROPPING +0 whip.
   914 | D:2      | Reached skill level 3 in Axes
   920 | D:2      | Reached XP level 3. HP: 23/23 MP: 3/3
   939 | D:2      | 939 ||| Stepping ~*~*~tactically~*~*~ (stealth).
   941 | D:2      | Noticed Natasha
   946 | D:2      | Killed Natasha
   951 | D:2      | Gained mutation: Your mind is acute. (Int +4, Str/Dex -1)
                  | [hidden potential]
   953 | D:2      | Reached XP level 4. HP: 27/28 MP: 4/4
   978 | D:2      | Reached skill level 4 in Axes
  1262 | D:2      | Noticed Natasha
  1269 | D:2      | Killed Natasha
  1275 | D:2      | Gained mutation: You possess an exceptional clarity of
                  | mind. [hidden potential]
  1275 | D:2      | Lost mutation: You have hidden genetic potential. [hidden
                  | potential expressed]
  1410 | D:2      | Noticed Sigmund
  1411 | D:2      | 1411 ||| Stepping ~*~*~tactically~*~*~ (hiding).
  1413 | D:2      | 1413 ||| Stepping ~*~*~tactically~*~*~ (hiding).
  1416 | D:2      | Noticed Robin
  1417 | D:2      | Reached XP level 5. HP: 23/32 MP: 5/5
  1425 | D:2      | HP: 1/32 [something/magic dart (9)]
  1425 | D:2      | Slain by Robin

Levels and vault maps discovered:
D:1:      spicycebolla_green_bress_n_ham, layout_basic,
          chequers_serial_rivers_room_b
D:2:      layout_loops_ring, dreamdust_ecumenical_altar_hidden_monk_grotto,
          uniq_sigmund, uniq_natasha, uniq_robin

Skill      XL: |  1  2  3  4 |
---------------+-------------+-----
Axes           | 2 3 4 |  4.6
Fighting       | |  3.2
Armour         | |  3.2
Shields        | |  3.2

Action                     |  1- 3 |  4- 6 || total
---------------------------+-------+-------++-------
  Melee: War axe           |    83 |    46 ||   129
    Use: Scroll            |     2 |       ||     2
         Potion            |     2 |       ||     2
 Armour: Scale mail        |    46 |    28 ||    74
  Dodge: Dodged            |    49 |    26 ||    75
  Block: Buckler           |    14 |    15 ||    29

Table legend:
 A = Non-vault XP
 B = Vault XP
 C = Vault XP percentage of total XP
 D = Non-vault monster count
 E = Vault monster count
 F = Vault count percentage of total count
                 A         B        C        D         E       F
            +---------+---------+-------+---------+---------+-------
      Total |     128 |      50 |  28.1 |      32 |       8 |  20.0
            +---------+---------+-------+---------+---------+-------
        D:1 |      27 |       0 |   0.0 |      18 |       0 |   0.0
        D:2 |     101 |      50 |  33.1 |      14 |       8 |  36.4
            +---------+---------+-------+---------+---------+-------
